 Dungeon Crawl Stone Soup version 0.31-a0-321-g19405a7a6a (webtiles) character file.

Game seed: 14446627631536043962

921 cforsyth the Basher (level 8, 0/62 (74) HPs)
             Began as a Meteoran Fighter on July 17, 2023.
             Was an Initiate of Gozag.
             Slain by a wight
             ... wielding a +0 battleaxe
              (5 damage)
             ... on level 5 of the Dungeon.
             The game lasted 00:09:12 (1635 turns).

cforsyth the Basher (Meteoran Fighter)              Turns: 1635, Time: 00:09:14

HP:   0/62 (74)     AC: 19    Str: 19    XL:     8   Next: 57%
MP:   9/9           EV:  5    Int: 10    God:    Gozag
Gold: 504           SH:  0    Dex: 14    Spells: 7/7 levels left

rFire   . . .        r - +2 dire flail (protect)
rCold   . . .        (shield currently unavailable)
rNeg    . . .        f - +0 plate armour
rPois   .            (no helmet)
rElec   .            s - +0 cloak
rCorr   .            (no gloves)
SInv    .            (no boots)
Will    +....        (no amulet) Stlth
                     (no ring)
HPRegen 0.30/turn    (no ring)
MPRegen 0.11/turn

%: no passive effects
@: about to teleport, under a protective aura, glowing, heavily drained
A: sense surroundings 1, otherworldly, glowing, explore regen
a: Renounce Religion, Potion Petition, Call Merchant, Bribe Branch


You were on level 5 of the Dungeon.
You worshipped Gozag.
Gozag was pleased with you.
You visited 1 branch of the dungeon, and saw 6 of its levels.

You collected 546 gold pieces.
You spent 42 gold pieces at shops.

Inventory:

Hand Weapons
 a - a +0 flail
 r - a +2 dire flail of protection (weapon)
Armour
 b - a +0 scale mail
 c - a +0 buckler
 f - a +0 plate armour (worn)
 s - a +0 cloak (worn)
Scrolls
 e - a scroll of immolation {unknown}
 g - 2 scrolls of enchant weapon {unknown}
 h - a scroll of revelation {unknown}
 i - 2 scrolls of teleportation
 k - a scroll of identify {unknown}
 m - a scroll of amnesia {unknown}
 o - a scroll of silence {unknown}
 p - a scroll of blinking {unknown}
 q - a scroll of poison {unknown}
 t - a scroll of vulnerability {unknown}
Potions
 d - a potion of might
 j - a potion of invisibility {unknown}
 l - 2 potions of curing {unknown}
 n - a potion of magic {unknown}


   Skills:
 + Level 7.7 Fighting
 + Level 8.7 Maces & Flails
 - Level 3.6 Armour
 - Level 3.6 Shields


You had 7 spell levels left.
You didn't know any spells.
Your spell library contained the following spells:

 Spells                   Type           Power      Damage    Failure   Level
 Magic Dart               Conj           0%         1d3       100%        1
 Call Imp                 Summ           0%         N/A       100%        2
 Mephitic Cloud           Conj/Pois/Air  0%         N/A       100%        3


Dungeon Overview and Level Annotations

Branches:
Dungeon (6/15) Zot: 1918
 Temple: D:4-7

Altars:
Gozag
Okawaru

Shops:
D:3 *

Annotations:
D:4 1 transporter


Innate Abilities, Weirdness & Mutations

You passively map a small area around you.
You are easily found by Zot.
You glow in the dark.
You regain HP and MP as you explore.


Message History

The wight hits you with a +0 flail.
You feel drained. The wight hits you but does no damage.
The wight hits you with a +0 short sword.
You feel drained. The orc hits you but does no damage.
The wight hits you with a +0 battleaxe. The wight hits you but does no damage.
There is a stone staircase leading up, spattered with blood here.
The orc hits you but does no damage. The iguana bites you.
The wight hits you with a +0 battleaxe!
You feel drained. The wight hits you but does no damage.
The wight hits you with a +0 short sword.
You feel drained.
You climb upwards.
There is a stone staircase leading down here.
You barely miss the wight. You closely miss the wight.
The orc hits you but does no damage.
The wight hits you with a +0 short sword.
You feel drained. The iguana bites you. The wight hits you with a +0 battleaxe!
You completely miss the wight. The orc barely misses you.
The wight hits you with a +0 short sword.
You feel drained. The iguana bites you. The wight hits you but does no damage.
You closely miss the wight. The orc barely misses you.
The wight hits you but does no damage. The iguana bites you!
* * * LOW HITPOINT WARNING * * *
The wight hits you with a +0 battleaxe.
* * * LOW HITPOINT WARNING * * *
You feel drained.
* * * LOW HITPOINT WARNING * * *
You hit the wight but do no damage.
Your weapon exudes an aura of protection.
The wight hits you with a +0 short sword.
* * * LOW HITPOINT WARNING * * *
The orc hits you but does no damage. The iguana barely misses you.
The wight hits you but does no damage.
Okay, then.
Okay, then.
As you read the scroll of teleportation, it crumbles to dust.
You feel strangely unstable. The orc hits you but does no damage.
The wight completely misses you. The wight hits you with a +0 battleaxe.
You die...
Your body crumbles into a pile of gold.

...........#
*
########.#.#
*#.#.# , , ,
#.#.# ,
,#.#.## * *
,#.#... *
#.# #.### $
, #.#
#zzo#######
* * #.#
*#l@z......
, #.#
########## *
#.#### , ,
#....#
*,####.# *
#.#..#####*
* * *
#..........
, ,,
#.#.#######
* * ,#<#.# ,


You could see an iguana, 3 wights and an orc.

Vanquished Creatures
  Edmund (D:5)
  A sky beast (D:6)
  An ice beast (D:5)
  A centaur (D:6)
  An ogre (D:6)
  A phantom (D:4)
  A scorpion (D:6)
  A hound (D:5)
  A sleepcap (D:6)
  An iguana (D:4)
  2 orc wizards
  Terence (D:2)
  Robin (D:2)
  5 adders
  4 gnolls (D:5)
  2 ufetubi (D:6)
  2 worms (D:2)
  10 orcs
  3 ball pythons
  2 bats
  2 endoplasms
  3 giant cockroaches
  15 goblins
  4 hobgoblins
  2 quokkas
  A frilled lizard (D:2)
  4 kobolds
  4 rats
77 creatures vanquished.

Notes
Turn   | Place    | Note
-------+----------+-------------------------------------------
     0 | D:1      | cforsyth the Meteoran Fighter began the quest for the Orb.
     0 | D:1      | Reached XP level 1. HP: 19/19 MP: 2/2
   117 | D:1      | Reached skill level 3 in Maces & Flails
   117 | D:1      | Reached XP level 2. HP: 26/26 MP: 3/3
   293 | D:1      | Found a faded altar of an unknown god.
   304 | D:1      | Prayed at the altar of an unknown god.
   304 | D:1      | Became a worshipper of Gozag Ym Sagoz the Greedy
   386 | D:2      | Noticed Robin
   390 | D:2      | Reached XP level 3. HP: 33/33 MP: 4/4
   427 | D:2      | Killed Robin
   428 | D:2      | Reached skill level 4 in Maces & Flails
   437 | D:2      | Reached XP level 4. HP: 8/40 MP: 5/5
   629 | D:2      | Noticed Terence
   648 | D:2      | Killed Terence
   649 | D:2      | Reached XP level 5. HP: 44/47 MP: 6/6
   786 | D:3      | Found Quuthryq's General Store.
   794 | D:3      | Bought a scroll of teleportation for 42 gold pieces
   812 | D:3      | Found an iron altar of Okawaru.
   826 | D:3      | Reached skill level 5 in Maces & Flails
  1042 | D:4      | Reached skill level 5 in Fighting
  1081 | D:4      | Reached XP level 6. HP: 30/56 MP: 7/7
  1145 | D:4      | Found a transporter.
  1155 | D:4      | Reached skill level 6 in Maces & Flails
  1162 | D:5      | Entered Level 5 of the Dungeon
  1260 | D:5      | Noticed Edmund
  1268 | D:5      | Reached XP level 7. HP: 62/62 MP: 8/8
  1300 | D:5      | Killed Edmund
  1301 | D:5      | Reached skill level 7 in Maces & Flails
  1418 | D:6      | Reached XP level 8. HP: 49/73 MP: 9/9
  1430 | D:6      | Reached skill level 8 in Maces & Flails
  1635 | D:5      | Slain by a wight

Illustrated notes

Levels and vault maps discovered:
D:1:      dpeg_arrival_arbitrary_b, layout_loops_ring,
          hellmonk_ecumenical_altar_crossroads, minmay_misc_feat_tiny
D:2:      layout_basic, reono_crystal_passage, uniq_robin, uniq_terence
D:3:      layout_basic, okawaru_metal_pillars_3, serial_shops,
          nicolae_square_shop, minmay_misc_feat_pillars,
          nicolae_figureground_pulse
D:4:      layout_cave_pools, yredelemnul_forgotten_temple_becter,
          gammafunk_ghost_mausoleum, nicolae_shop_firing_range
D:5:      layout_basic, uniq_edmund
D:6:      layout_cave_pools, minmay_temple_entry_glass, uniq_crazy_yiuf_cottage

Skill      XL: |  1  2  3  4  5  6  7  8 |
---------------+-------------------------+-----
Maces & Flails | 3 4 5 6 7 8 |  8.7
Fighting       | 4 5 7 |  7.7
Armour         | |  3.6
Shields        | |  3.6

Action                     |  1- 3 |  4- 6 |  7- 9 || total
---------------------------+-------+-------+-------++-------
  Melee: Flail             |    69 |   147 |    29 ||   245
         Dire flail        |       |       |    53 ||    53
    Use: Scroll            |       |       |     1 ||     1
   Stab: Distracted        |       |       |     1 ||     1
 Armour: Scale mail        |    15 |       |       ||    15
         Plate armour      |    32 |    96 |    97 ||   225
  Dodge: Dodged            |    10 |    30 |    32 ||    72
  Block: Buckler           |    16 |    31 |     6 ||    53

Table legend: (Time is in decaauts)
 A = Elapsed time spent in this place.
 B = Non-inter-level travel time spent in this place.
 C = Inter-level travel time spent in this place.
 D = Time resting spent in this place.
 E = Time spent auto-exploring this place.
 F = Levels seen in this place.
 G = Mean time per level.
                   A        B        C        D        E       F      G
               +--------+--------+--------+--------+--------+-----+--------+
         Total |   1680 |   1680 |      0 |     98 |      0 |   6 |  280.0 |
       Dungeon |   1680 |   1680 |      0 |     98 |      0 |   6 |  280.0 |
               +--------+--------+--------+--------+--------+-----+--------+

Top non-repeatable levels by time:
     D:2: 392 daAuts
     D:1: 362 daAuts
     D:5: 334 daAuts
     D:3: 265 daAuts
     D:4: 203 daAuts
     D:6: 121 daAuts
